 Dungeon Crawl Stone Soup version 0.28.0-43-g3370ac3207 (webtiles) character file.

Game seed: 3159072502367383431

162 vvl the Skirmisher (level 5, -1/46 HPs)
             Began as a Draconian Fighter on Mar 14, 2022.
             Slain by a gnoll
             ... wielding a +0 spear
              (4 damage)
             ... on level 3 of the Dungeon.
             The game lasted 00:04:36 (3813 turns).

vvl the Skirmisher (Draconian Fighter)              Turns: 3813, Time: 00:04:36

Health: -1/46      AC:  5    Str: 24    XL:     5   Next: 19%
Magic:  7/7        EV: 12    Int: 10    God:
Gold:   63         SH:  4    Dex: 11    Spells: 7/7 levels left

rFire   . . .      SeeInvis .   a - +0 war axe
rCold   . . .      Faith    .   b - +0 buckler
rNeg    . . .      Spirit   .   (armour unavailable)
rPois   .          Reflect  .   (helmet restricted)
rElec   .          Harm     .   (no cloak)
rCorr   .          Rampage  .   (no gloves)
Will    .....                   (no boots)
Stlth   +.........              (no amulet)
HPRegen 0.15/turn               i - +6 ring of strength
MPRegen 0.10/turn               (no ring)

@: no status effects
A: AC +5, unfitting armour, cold-blooded
a: no special abilities


You were on level 3 of the Dungeon.
You visited 1 branch of the dungeon, and saw 3 of its levels.

You collected 63 gold pieces.

Inventory:

Hand Weapons
 a - a +0 war axe (weapon)
Armour
 b - a +0 buckler (worn)
Jewellery
 i - a +6 ring of strength (left hand)
Scrolls
 e - 3 scrolls of identify {unknown}
 g - a scroll of blinking {unknown}
 h - a scroll of amnesia {unknown}
 j - 3 scrolls of teleportation {unknown}
 k - a scroll of fog {unknown}
Potions
 d - 2 potions of magic {unknown}
 f - a potion of curing {unknown}


   Skills:
 + Level 4.0 Fighting
 + Level 2.9 Axes
 - Level 3.0 Dodging
 + Level 3.6 Shields
 + Level 1.7 Spellcasting
 + Level 2.0 Necromancy


You had 7 spell levels left.
You didn't know any spells.
Your spell library contained the following spells:

 Spells                   Type           Power      Damage    Failure   Level
 Stone Arrow              Conj/Erth      0%         3d7       77%         3
 Flame Wave               Conj/Fire      0%         2d4       99%         4
 Irradiate                Conj/Tmut      0%         3d13      100%        5
 Eringya's Noxious Bog    Tmut/Pois      0%         N/A       100%        6


Dungeon Overview and Level Annotations

Branches:
Dungeon (3/15)

Altars:


Innate Abilities, Weirdness & Mutations

Your plain brown scales are hard. (AC +5)
You cannot fit into any form of body armour.
You are cold-blooded and may be slowed by cold attacks.


Message History

The gnoll hits you with a +0 spear.
* * * LOW HITPOINT WARNING * * *
You barely miss the gnoll.
The gnoll is heavily wounded.
The gnoll closely misses you. The gnoll barely misses you.
Unknown command.
You hit the gnoll but do no damage.
The gnoll is heavily wounded.
The gnoll barely misses you.
Unknown command.
You closely miss the gnoll.
The gnoll is heavily wounded.
You block the gnoll's attack.
You closely miss the gnoll.
The gnoll is heavily wounded.
You block the gnoll's attack. The gnoll misses you.
You closely miss the gnoll.
The gnoll is heavily wounded.
The gnoll hits you but does no damage.
You hit the gnoll.
The gnoll is heavily wounded.
The gnoll hits you with a +0 spear.
* * * LOW HITPOINT WARNING * * *
You barely miss the gnoll.
The gnoll is heavily wounded.
The gnoll closely misses you. x2
You barely miss the gnoll.
The gnoll is heavily wounded.
The gnoll hits you with a +0 spear.
* * * LOW HITPOINT WARNING * * *
You hit the gnoll but do no damage.
The gnoll is heavily wounded.
The gnoll hits you with a +0 spear.
* * * LOW HITPOINT WARNING * * *
The gnoll misses you.
Unknown command.
You barely miss the gnoll.
The gnoll is heavily wounded.
The gnoll hits you with a +0 spear.
You die...

# #..### #.
###....#
#..#...[#[#
#....##.#.#
#..##...#[#
#......[(<# ######
#.......).# #......
#......)..##.......
........@.[....>.>.
#.......g.#........
#.........#........
#.........#........
#.........#........
.........=........
..........#.......
..######.#......[.
#.#........


You could see a gnoll.

Vanquished Creatures
  A jelly (D:2)
  3 gnolls
  An adder (D:3)
  2 worms
  3 dart slugs (D:2)
  8 orcs
  3 bats (D:1)
  9 endoplasms
  4 giant cockroaches
  7 goblins
  10 hobgoblins
  6 jackals (D:2)
  3 quokkas
  A ball python (D:2)
  3 frilled lizards
  2 kobolds (D:2)
  2 rats (D:1)
68 creatures vanquished.

Notes
Turn   | Place    | Note
-------+----------+-------------------------------------------
     0 | D:1      | vvl the Draconian Fighter began the quest for the Orb.
     0 | D:1      | Reached XP level 1. HP: 19/19 MP: 1/1
   168 | D:1      | Reached XP level 2. HP: 15/26 MP: 2/2
   704 | D:1      | Reached XP level 3. HP: 31/31 MP: 4/4
   855 | D:1      | Reached skill level 1 in Necromancy
  1085 | D:1      | Reached skill level 1 in Spellcasting
  1926 | D:2      | Reached XP level 4. HP: 29/40 MP: 5/5
  2081 | D:2      | Found a faded altar of an unknown god.
  2973 | D:3      | Reached XP level 5. HP: 6/46 MP: 7/7
  3004 | D:3      | Got the Volume of Cankerous Confrontation
  3373 | D:3      | Reached skill level 4 in Fighting
  3813 | D:3      | Slain by a gnoll

Illustrated notes

Levels and vault maps discovered:
D:1:      psy_arrival_conway, layout_basic, grunt_decor_arrowhead,
          minmay_tree_intersection
D:2:      layout_rooms, hellmonk_ecumenical_altar_lost_god
D:3:      minmay_recursive_quarters, layout_rooms, mainiacjoe_overflow_alcove_1,
          old_standard_altar

Skill      XL: |  1  2  3  4  5 |
---------------+----------------+-----
Necromancy     | 1 2 |  2.0
Spellcasting   | 1 |  1.7
Dodging        | 3 |  3.0
Fighting       | 4 |  4.0
Axes           | |  2.9
Shields        | |  3.6

Action                   |  1- 3 |  4- 6 || total
-------------------------+-------+-------++-------
Melee: War axe           |    74 |    96 ||   170
       Tailslap          |     5 |    11 ||    16
  Use: Potion            |       |     1 ||     1
 Stab: Sleeping          |       |     1 ||     1
Armor: Skin              |    14 |    31 ||    45
Dodge: Dodged            |    40 |    78 ||   118
Block: Buckler           |    13 |    22 ||    35
